[Event "Maria Albulet Memorial 2018"]
[Site "Braila"]
[Date "2018.11.03"]
[Round "1"]
[White "Uzuneanu, Gabriela"]
[Black "Bucur, Denisa-Andreea"]
[Result "0-1"]
[ECO "B21"]
[WhiteElo "1571"]
[BlackElo "2012"]
[Annotator "NA RC"]
[PlyCount "70"]
[EventDate "2018.11.03"]
[EventType "swiss"]
[EventCountry "ROU"]
[SourceTitle "playchess.com"]
[Source "ChessBase"]
[SourceQuality "1"]
[TimeControl "40/5400+30:900+30"]

1. e4 c5 2. f4 Nc6 3. Nf3 g6 4. g3 Bg7 5. Bg2 d6 6. d3 e6 7. Nc3 Nge7 8. Bd2 O-O 9. O-O Rb8 10. Rb1 b5 11. h3 b4 12. Ne2 Qb6 13. Kh1 Qa6 14. Nc1 Bd7 15. g4 f5 16. g5 c4 17. Qe2 c3 18. bxc3 bxc3 19. Rxb8 Rxb8 20. Be3 Nb4 21. Bd4 fxe4 22. dxe4 Bb5 23. Qf2 Bxd4 24. Nxd4 Bxf1 25. Bxf1 Qb6 26. Kg1 e5 27. fxe5 Rf8 28. Bc4+ d5 29. Qe3 dxc4 30. Qxc3 Nxc2 31. Qxc4+ Kh8 32. Ncb3 Nxd4 33. Qxd4 Nc6 34. Qxb6 axb6 35. e6 Re8 0-1

[Event "Maria Albulet Memorial 2018"]
[Site "Braila"]
[Date "2018.11.04"]
[Round "2"]
[White "Bucur, Denisa-Andreea"]
[Black "Mihailova, Alina"]
[Result "0-1"]
[ECO "E21"]
[WhiteElo "2012"]
[BlackElo "1790"]
[Annotator "NA RC"]
[PlyCount "113"]
[EventDate "2018.11.03"]
[EventType "swiss"]
[EventCountry "ROU"]
[SourceTitle "playchess.com"]
[Source "ChessBase"]
[SourceQuality "1"]
[TimeControl "40/5400+30:900+30"]

1. d4 Nf6 2. Nf3 e6 3. c4 b6 4. Nc3 Bb7 5. a3 Be7 6. Bf4 O-O 7. Rc1 d6 8. h3 Nbd7 9. e3 a6 10. Qc2 c5 11. Be2 Rc8 12. b3 Qc7 13. O-O Qb8 14. Rfd1 Rfd8 15. Ng5 Qa8 16. d5 exd5 17. Nxd5 Bxd5 18. cxd5 h6 19. Ne4 Nxe4 20. Qxe4 Bf8 21. Qf5 b5 22. h4 Qb7 23. h5 Be7 24. g4 Nf8 25. Kh2 Qd7 26. Qd3 Bh4 27. Rg1 Qe7 28. Rg2 Re8 29. Rcg1 Bg5 30. Bg3 Rcd8 31. Bd1 Qe4 32. Qd2 c4 33. f4 Bf6 34. Bf2 c3 35. Qe2 Qxd5 36. g5 hxg5 37. fxg5 Be5+ 38. Kh1 Bf4 39. Bc2 Re5 40. Qg4 Bxe3 41. Rd1 Qe6 42. Qg3 Bxf2 43. Rxf2 Re1+ 44. Rxe1 Qxe1+ 45. Kg2 d5 46. h6 g6 47. Qc7 Rd7 48. Qf4 Qe7 49. Bd3 Ne6 50. h7+ Kxh7 51. Qh4+ Kg8 52. Rf6 Ng7 53. Rxa6 Ne6 54. Ra8+ Rd8 55. Rxd8+ Qxd8 56. Kf2 d4 57. Qh3 0-1

[Event "Maria Albulet Memorial 2018"]
[Site "Braila"]
[Date "2018.11.04"]
[Round "2"]
[White "Nistor, Valentina"]
[Black "Hrib, Andrada-Ioana"]
[Result "1-0"]
[ECO "C05"]
[WhiteElo "1881"]
[BlackElo "1770"]
[Annotator "NA RC"]
[PlyCount "93"]
[EventDate "2018.11.03"]
[EventType "swiss"]
[EventCountry "ROU"]
[SourceTitle "playchess.com"]
[Source "ChessBase"]
[SourceQuality "1"]
[TimeControl "40/5400+30:900+30"]

1. e4 e6 2. d4 d5 3. Nd2 Nf6 4. e5 Nfd7 5. Bd3 b6 6. c3 Ba6 7. Bc2 c5 8. Ne2 Nc6 9. Nf3 cxd4 10. cxd4 Nb4 11. Bb1 Rc8 12. a3 Bxe2 13. Kxe2 Nc6 14. Re1 b5 15. Kf1 h6 16. Bd3 Qb6 17. Be3 Be7 18. Rc1 O-O 19. Qd2 Na5 20. Bxh6 Rfe8 21. Rxc8 Rxc8 22. Bg5 Bf8 23. Qf4 Nc4 24. Qh4 g6 25. Rc1 Qb7 26. Rc2 a6 27. Bh6 Bg7 28. Qg5 Bxh6 29. Qxh6 Nf8 30. h4 Nb6 31. h5 Rxc2 32. Bxc2 Nc8 33. hxg6 fxg6 34. Bxg6 Qg7 35. Qxg7+ Kxg7 36. Bd3 Nb6 37. b3 Ng6 38. Bxg6 Kxg6 39. Ke2 a5 40. Nd2 Kf5 41. Kd3 Nc8 42. Nb1 b4 43. axb4 axb4 44. Nd2 Na7 45. Nf1 Nb5 46. Ne3+ Kg5 47. Nc2 1-0

[Event "Maria Albulet Memorial 2018"]
[Site "Braila"]
[Date "2018.11.04"]
[Round "2"]
[White "Didiliuc, Dariana-Gabriela"]
[Black "Uzuneanu, Gabriela"]
[Result "1-0"]
[ECO "A43"]
[WhiteElo "1784"]
[BlackElo "1571"]
[Annotator "NA RC"]
[PlyCount "73"]
[EventDate "2018.11.03"]
[EventType "swiss"]
[EventCountry "ROU"]
[SourceTitle "playchess.com"]
[Source "ChessBase"]
[SourceQuality "1"]
[TimeControl "40/5400+30:900+30"]

1. d4 c5 2. d5 b5 3. e4 a6 4. a4 b4 5. Bc4 d6 6. f4 Nd7 7. Nf3 g6 8. O-O Bg7 9. a5 Nh6 10. Qe2 O-O 11. Nbd2 f6 12. b3 Nf7 13. Bb2 Qc7 14. Bd3 Bb7 15. Nc4 Rfe8 16. Nh4 Rf8 17. Qg4 Nh6 18. Qg3 Rf7 19. f5 g5 20. Nf3 Rff8 21. Nxg5 Qc8 22. Ne6 Rf7 23. Be2 Kh8 24. Bh5 Qg8 25. Bxf7 Qxf7 26. Rf4 Rg8 27. Qh3 Nf8 28. Nd8 Qe8 29. Nxb7 Qb8 30. Nbxd6 exd6 31. Rh4 Nf7 32. Rg4 Nd7 33. Qh5 Qf8 34. Rd1 h6 35. Rd3 Ng5 36. Rxg5 fxg5 37. Qxh6# 1-0

[Event "Maria Albulet Memorial 2018"]
[Site "Braila"]
[Date "2018.11.05"]
[Round "4"]
[White "Didiliuc, Dariana-Gabriela"]
[Black "Ciolacu, Alessia-Mihaela"]
[Result "0-1"]
[ECO "E34"]
[WhiteElo "1784"]
[BlackElo "1972"]
[Annotator "NA RC"]
[PlyCount "138"]
[EventDate "2018.11.03"]
[EventType "swiss"]
[EventCountry "ROU"]
[SourceTitle "playchess.com"]
[Source "ChessBase"]
[SourceQuality "1"]
[TimeControl "40/5400+30:900+30"]

1. d4 Nf6 2. c4 e6 3. Nc3 Bb4 4. Qc2 d5 5. cxd5 Qxd5 6. Nf3 Qf5 7. Qxf5 exf5 8. Bd2 c6 {[%emt 0:00:40] E34: Nimzo-Indian: Classical: 4...d5} 9. e3 Nbd7 10. Bd3 {[%emt 0:00:32] LiveBook: 12 Games} Nb6 11. Nh4 $146 ({Predecessor:} 11. a3 Bd6 12. O-O O-O 13. Rfc1 a5 14. Rab1 a4 15. b4 axb3 16. Rxb3 {½-½ (31) Zhou,W (2590)-Bu,X (2662) China 2013}) 11... g6 12. O-O Be6 13. Rfd1 Be7 14. Nf3 Nfd5 15. b3 O-O 16. Ne2 a5 17. a3 f6 18. Bc1 Kg7 19. Bb2 a4 20. b4 Nc7 21. Nd2 Nb5 22. Nf4 Bf7 23. Bc2 Nd6 24. Nd3 Nbc4 25. Nxc4 Nxc4 26. Bc3 b6 27. Nb2 Nxb2 28. Bxb2 Rfe8 29. h3 Bd5 30. Bd3 Bd6 31. Rdc1 Rac8 32. Bc2 Ra8 33. Bd3 Rac8 34. Bc2 b5 35. Re1 Rc7 36. Re2 Bc4 37. Rd2 Rce7 38. Bd3 Bd5 39. Re1 f4 40. Rde2 fxe3 41. Rxe3 Rxe3 42. fxe3 Bg3 43. Re2 f5 44. Bc1 h5 45. Kf1 Kf6 46. Bd2 h4 47. Be1 Re6 48. Bf2 Ke7 49. Re1 {[%emt 0:01:34] [#]} (49. Ke1 $17) 49... Kd6 $1 50. Rc1 Rf6 (50... f4 $19 51. exf4 Bxf4) 51. Re1 {[%emt 0:01:33] [#]} Be4 $1 52. Be2 f4 53. Bf3 Bxf3 54. gxf3 Bxf2 55. Kxf2 Kd5 56. Rd1 $2 (56. Rc1 $1 $11) 56... fxe3+ 57. Kxe3 {[%emt 0:00:06] [#]} Kc4 $1 58. f4 Re6+ 59. Kf3 Kb3 60. Rd3+ {[%emt 0:00:31] [#]} Kc2 $1 61. Re3 Rxe3+ 62. Kxe3 Kb3 63. Kd3 Kxa3 64. Kc3 Ka2 65. Kc2 a3 66. d5 cxd5 67. f5 gxf5 68. Kc3 Kb1 69. Kb3 a2 0-1

[Event "Maria Albulet Memorial 2018"]
[Site "Braila"]
[Date "2018.11.05"]
[Round "4"]
[White "Uzuneanu, Gabriela"]
[Black "Maria, Lia-Alexandra"]
[Result "1/2-1/2"]
[ECO "B21"]
[WhiteElo "1571"]
[BlackElo "1479"]
[Annotator "NA RC"]
[PlyCount "116"]
[EventDate "2018.11.03"]
[EventType "swiss"]
[EventCountry "ROU"]
[SourceTitle "playchess.com"]
[Source "ChessBase"]
[SourceQuality "1"]
[TimeControl "40/5400+30:900+30"]

1. e4 c5 2. f4 Nc6 3. Nf3 e6 4. d3 Nge7 5. Nc3 g6 6. g3 Bg7 7. Bg2 d6 8. Bd2 Bd7 9. O-O O-O 10. Rb1 a6 11. Ne2 Rb8 12. Bc3 b5 13. Bxg7 Kxg7 14. Qd2 Qb6 15. Kh1 b4 16. h3 a5 17. g4 f5 18. Ng3 Rbe8 19. Rbe1 Qc7 20. Nh2 Nd4 21. Ne2 Nec6 22. c3 Nxe2 23. Rxe2 Kg8 24. Qe1 Na7 25. Rc2 Qb8 26. Qd2 Ba4 27. b3 Bd7 28. Nf3 Nb5 29. c4 Nc7 30. e5 Na6 31. Re1 Bc6 32. g5 d5 33. Qf2 dxc4 34. dxc4 Be4 35. Rd2 Rd8 36. Red1 Rxd2 37. Qxd2 Qb7 38. Qf2 Qa8 39. Ne1 Bxg2+ 40. Nxg2 Rd8 41. Rd2 Qc8 42. Ne1 Rd7 43. Rd3 Qd8 44. Qd2 Rxd3 45. Qxd3 Qxd3 46. Nxd3 Kg7 47. Kg2 h6 48. h4 h5 49. Nb2 Kf7 50. Na4 Ke7 51. Kf2 Kd7 52. Ke2 Kc6 53. Ke3 Nb8 54. Ke2 Nd7 55. Kd3 Nb6 56. Nxb6 Kxb6 57. Ke3 a4 58. Kd3 Ka5 {[%emt 0:00:18] Ke4} 1/2-1/2

[Event "Maria Albulet Memorial 2018"]
[Site "Braila"]
[Date "2018.11.09"]
[Round "8"]
[White "Mihailova, Alina"]
[Black "Uzuneanu, Gabriela"]
[Result "1-0"]
[ECO "D35"]
[WhiteElo "1790"]
[BlackElo "1571"]
[Annotator "NA"]
[PlyCount "63"]
[EventDate "2018.11.03"]
[EventType "swiss"]
[EventCountry "ROU"]
[SourceTitle "playchess.com"]
[Source "ChessBase"]
[SourceQuality "1"]
[TimeControl "40/5400+30:900+30"]

1. d4 d5 2. c4 e6 3. Nc3 Nf6 4. cxd5 Nxd5 5. e4 Nxc3 6. bxc3 Nd7 7. Bd3 Nb6 8. Ne2 Bd7 9. Be3 Rc8 10. O-O c5 11. f4 Be7 12. Ng3 cxd4 13. cxd4 Nc4 14. Bxc4 Rxc4 15. Qg4 g6 16. f5 exf5 17. exf5 Qc8 18. Rae1 Kd8 19. Bg5 f6 20. Rxe7 Kxe7 21. Qe4+ Kd8 22. Bxf6+ Kc7 23. Qe5+ Kb6 24. Bxh8 gxf5 25. Bf6 Ra4 26. Rb1+ Ka6 27. Qe2+ Ka5 28. Nxf5 Qf8 29. Qe5+ Ka6 30. Nd6 b6 31. Qe2+ Ka5 32. Nb7# 1-0

[Event "Maria Albulet Memorial 2018"]
[Site "Braila"]
[Date "2018.11.09"]
[Round "8"]
[White "Hrib, Andrada-Ioana"]
[Black "Didiliuc, Dariana-Gabriela"]
[Result "1/2-1/2"]
[ECO "D03"]
[WhiteElo "1770"]
[BlackElo "1784"]
[Annotator "NA"]
[PlyCount "50"]
[EventDate "2018.11.03"]
[EventType "swiss"]
[EventCountry "ROU"]
[SourceTitle "playchess.com"]
[Source "ChessBase"]
[SourceQuality "1"]
[TimeControl "40/5400+30:900+30"]

1. d4 Nf6 2. Bg5 d5 3. Nf3 c6 4. e3 Bf5 5. Bd3 Bxd3 6. Qxd3 e6 7. O-O Bd6 8. c4 Nbd7 9. cxd5 cxd5 10. Nc3 a6 11. Rac1 O-O 12. Bxf6 Qxf6 13. e4 dxe4 14. Nxe4 Qe7 15. Nxd6 Qxd6 16. Rfd1 Nf6 17. Ne5 Rac8 18. Rxc8 Rxc8 19. h3 h6 20. Nc4 Qc6 21. Ne3 Nd5 22. Nxd5 Qxd5 23. Re1 Rd8 24. Qe4 Qxe4 25. Rxe4 Rd5 1/2-1/2

[Event "Maria Albulet Memorial 2018"]
[Site "Braila"]
[Date "2018.11.10"]
[Round "9"]
[White "Nistor, Valentina"]
[Black "Didiliuc, Dariana-Gabriela"]
[Result "1/2-1/2"]
[ECO "C08"]
[WhiteElo "1881"]
[BlackElo "1784"]
[Annotator "NA RC"]
[PlyCount "79"]
[EventDate "2018.11.03"]
[EventType "swiss"]
[EventCountry "ROU"]
[SourceTitle "playchess.com"]
[Source "ChessBase"]
[SourceQuality "1"]
[TimeControl "40/5400+30:900+30"]

1. e4 e6 2. d4 d5 3. Nd2 c5 4. exd5 exd5 5. dxc5 Bxc5 6. Nb3 {[%emt 0:00:33] LiveBook: 27 Games} Bd6 7. c3 {[%emt 0:00:32] C08: French Tarrasch: 3...c5 4 exd5 exd5 sidelines} (7. Bd3 Nf6 8. Qe2+ Be7 9. Nf3 O-O 10. h3 Bb4+ 11. c3 Re8 12. Be3 Bd6 13. O-O Nc6 14. Nbd4 Ne4 15. c4 Nxd4 16. Nxd4 dxc4 17. Bxc4 Qf6 18. Qf3 {½-½ (18) Schramm,C (2354)-Froewis,G (2438) Bayern 2012}) 7... Ne7 8. Bd3 Nbc6 9. h3 O-O $146 ({Predecessor:} 9... Ne5 10. Bc2 O-O 11. Nf3 N5g6 12. O-O b5 13. Nbd4 b4 14. Bd2 bxc3 15. Bxc3 {½-½ (23) Sheriff,R-Alothman,A (2061) Kuwait 2016}) 10. Qh5 (10. Nf3 $11) 10... g6 11. Qd1 Be5 12. Nf3 Bg7 13. O-O Bf5 14. Bg5 Qd6 15. Be3 Rfd8 16. Nbd4 Be4 17. Re1 a6 18. Ng5 Bxd3 19. Qxd3 Ne5 20. Qe2 N7c6 21. b3 Qf6 22. f4 Nd7 23. Qd2 Qd6 24. Rad1 Nf6 25. Rf1 (25. Nxc6 $11 {remains equal.} Qxc6 26. Qd3) 25... h6 26. Ngf3 Ne4 27. Qd3 Rac8 28. Rc1 $1 b5 29. Rfd1 $1 $11 Na5 30. Ne2 Nc6 31. Nd2 {[%emt 0:01:43] [#]} Qe7 (31... Nxc3 $1 $17 32. Nxc3 (32. Rxc3 Nb4 $17) 32... Nb4) 32. Nd4 $2 (32. Bb6 $11) 32... Nc5 33. Nxc6 Rxc6 34. Qe2 Re8 35. Nf1 Ne4 36. Bd4 Bxd4+ 37. cxd4 Nc3 38. Qxe7 Rxe7 $17 39. Re1 Rec7 40. Rc2 1/2-1/2

[Event "Maria Albulet Memorial 2018"]
[Site "Braila"]
[Date "2018.11.10"]
[Round "9"]
[White "Mihailova, Alina"]
[Black "Maria, Lia-Alexandra"]
[Result "1-0"]
[ECO "D25"]
[WhiteElo "1790"]
[BlackElo "1479"]
[Annotator "NA RC"]
[PlyCount "107"]
[EventDate "2018.11.03"]
[EventType "swiss"]
[EventCountry "ROU"]
[SourceTitle "playchess.com"]
[Source "ChessBase"]
[SourceQuality "1"]
[TimeControl "40/5400+30:900+30"]

1. d4 d5 2. c4 dxc4 3. e3 Nf6 4. Nf3 a6 5. Bxc4 e6 6. O-O b5 7. Be2 Bb7 8. a4 b4 9. a5 Nbd7 10. Nbd2 c5 11. Nc4 Be7 12. Bd2 O-O 13. dxc5 Bxc5 14. Qb3 Rb8 15. Rfd1 Qe7 16. Be1 Rfc8 17. Rac1 h5 18. Nfe5 g6 19. Nd3 Bd5 20. Nf4 Bc6 21. Nd2 Kg7 22. Bxa6 Rh8 23. Bc4 g5 24. Nd3 h4 25. Nf1 h3 26. g3 Bf3 27. Rd2 Ng4 28. Rdc2 Bd6 29. Ra1 Nde5 30. Nxe5 Nxe5 31. Nd2 Bg2 32. Be2 g4 33. f4 gxf3 34. Bd3 Ng4 35. Bf1 Qb7 36. Bf2 Rh6 37. a6 Qa8 38. Qd3 Nxf2 39. Kxf2 Rd8 40. Qe4 Qa7 41. Qb7 Qxb7 42. axb7 Bxf1 43. Nxf1 Rb8 44. Ra7 Rhh8 45. Nd2 Rhe8 46. Rc6 Be5 47. Nc4 Bf6 48. Nd6 Rf8 49. Rc8 Be7 50. Rxf8 Bxf8 51. Nc8 Bc5 52. Ra5 Bf8 53. Rb5 f6 54. Na7 1-0

[Event "Maria Albulet Memorial 2018"]
[Site "Braila"]
[Date "2018.11.10"]
[Round "9"]
[White "Otetea, Ioana"]
[Black "Hrib, Andrada-Ioana"]
[Result "1/2-1/2"]
[ECO "B43"]
[WhiteElo "1602"]
[BlackElo "1770"]
[Annotator "NA RC"]
[PlyCount "86"]
[EventDate "2018.11.03"]
[EventType "swiss"]
[EventCountry "ROU"]
[SourceTitle "playchess.com"]
[Source "ChessBase"]
[SourceQuality "1"]
[TimeControl "40/5400+30:900+30"]

1. e4 c5 2. Nf3 e6 3. d4 cxd4 4. Nxd4 a6 5. Nc3 Qc7 6. g3 Nf6 7. Bg2 d6 8. a4 Nc6 9. O-O Be7 10. Nb3 O-O 11. f4 Rb8 12. a5 b5 13. axb6 Qxb6+ 14. Kh1 Bb7 15. g4 Rfc8 16. g5 Nd7 17. Rf3 Nb4 18. Na4 Qd8 19. c3 Bxe4 20. cxb4 Bxf3 21. Qxf3 Rxb4 22. Bd2 Rbb8 23. Nd4 d5 24. Bc3 Bb4 25. Bf1 Bxc3 26. bxc3 Qa5 27. Qd1 Nc5 28. Nxc5 Qxc5 29. Bxa6 Rc7 30. Nb5 Rc6 31. Nd4 Rc7 32. Bd3 Rcb7 33. Qc2 g6 34. Ra2 Qc7 35. Qd2 Qc5 36. h4 Rc7 37. Rc2 Qa5 38. Rc1 Rbc8 39. Ne2 d4 40. Nxd4 Rxc3 41. Rxc3 Rxc3 42. Kh2 Qc5 43. Nf3 Ra3 1/2-1/2